 Dungeon Crawl Stone Soup version 0.25-a0-246-g58704a1ebd (webtiles) character file.

Game seed: 318043673747681767, levelgen mode: classic

172 Borgoz the Skirmisher (level 5, -12/47 HPs)
             Began as a Minotaur Fighter on Dec 3, 2019.
             Mangled by an orc warrior
             ... wielding a +0 dire flail
              (17 damage)
             ... on level 3 of the Dungeon.
             The game lasted 00:03:09 (2242 turns).

Borgoz the Skirmisher (Minotaur Fighter)            Turns: 2242, Time: 00:03:09

Health: -12/47     AC:  9    Str: 26    XL:     5   Next: 27%
Magic:  4/4        EV:  8    Int:  5    God:
Gold:   155        SH: 10    Dex: 10    Spells: 4/4 levels left

rFire    . . .     SeeInvis .   a - +0 long sword
rCold    . . .     Gourm    .   c - +0 shield
rNeg     . . .     Faith    .   b - +0 scale mail
rPois    .         Spirit   .   (helmet restricted)
rElec    .         Reflect  .   h - +0 cloak (curse)
rCorr    .         Harm     .   e - +0 pair of gloves
MR       .....                  (no boots)
Stlth    ..........             (no amulet)
HPRegen  0.15/turn              (no ring)
MPRegen  0.09/turn              (no ring)

@: mighty, very slightly contaminated, invisible
A: retaliatory headbutt, horns 2
a: no special abilities


You were on level 3 of the Dungeon.
You were not hungry.

You visited 1 branch of the dungeon, and saw 3 of its levels.

You collected 155 gold pieces.

Inventory:

Hand Weapons
 a - a +0 long sword (weapon)
Armour
 b - a +0 scale mail (worn)
 c - a +0 shield (worn)
 e - a +0 pair of gloves (worn)
 h - a cursed +0 cloak (worn)
Jewellery
 k - an uncursed amulet of magic regeneration
Wands
 g - a wand of digging (4)
Scrolls
 j - 2 scrolls of remove curse
 m - 4 scrolls of teleportation {unknown}
Potions
 l - a potion of magic
 n - 2 potions of mutation {unknown}
 p - a potion of cancellation
 r - a potion of haste
Comestibles
 f - 7 rations
 o - 2 chunks of flesh


   Skills:
 + Level 4.8 Fighting
 + Level 3.9 Long Blades
 + Level 4.8 Armour
 + Level 2.5 Dodging
 - Level 3.6 Shields


You had 4 spell levels left.
You didn't know any spells.
Your spell library was empty.

Dungeon Overview and Level Annotations

Branches:
Dungeon (3/15)

Altars:


Innate Abilities, Weirdness & Mutations

You reflexively headbutt those who attack you in melee.
You have a pair of horns on your head.


Message History

You hit the orc warrior but do no damage.
Your headbutt misses the orc warrior.
The orc warrior is moderately wounded.
The goblin shoots a stone.
The stone hits the orc warrior but does no damage.
You block the orc warrior's attack.
You feel very mighty all of a sudden.
The goblin shoots a stone.
The stone hits the orc warrior but does no damage.
The orc warrior closely misses you. You furiously retaliate!
You headbutt the orc warrior.
You riposte.
Your shield and scale mail prevent you from hitting the orc warrior.
Your headbutt misses the orc warrior.
The orc warrior is moderately wounded.
Your shield and scale mail prevent you from hitting the orc warrior.
The orc warrior is moderately wounded.
The goblin shoots a stone.
The stone hits the orc warrior but does no damage.
The orc warrior hits you with a +0 dire flail!
You die...

#... #.# ##.# #.# #.# ##+#
#.# #.. ##...## #.# #..
##.....## #.# #.#
##.......## ##.##### #.#
#.........####......######..
+.....).g.o@................
#.........####...##.#######.
##.......## ##.###.# #.
##.....## ### #.# #. ##...##
.#. #. ##+# # # #. ###. #...
#.#)


You could see an orc warrior and a goblin.

Vanquished Creatures
  Terence (D:2)
  4 gnolls
  4 adders
  2 worms (D:3)
  4 orcs (D:3)
  2 ball pythons
  3 giant cockroaches
  5 goblins
  11 hobgoblins
  3 jackals
  A quokka (D:2)
  8 bats
  A frilled lizard (D:3)
  8 kobolds
  6 rats
63 creatures vanquished.

Notes
Turn   | Place    | Note
-------+----------+-------------------------------------------
     0 | D:1      | Borgoz the Minotaur Fighter began the quest for the Orb.
     0 | D:1      | Reached XP level 1. HP: 19/19 MP: 0/0
    51 | D:1      | Reached XP level 2. HP: 20/27 MP: 1/1
   247 | D:1      | Reached skill level 1 in Dodging
   621 | D:1      | Reached XP level 3. HP: 33/33 MP: 2/2
  1016 | D:2      | Reached XP level 4. HP: 27/41 MP: 3/3
  1680 | D:2      | Noticed Terence
  1685 | D:2      | Killed Terence
  1686 | D:2      | Reached XP level 5. HP: 47/47 MP: 4/4
  2223 | D:3      | Noticed an orc warrior
  2242 | D:3      | Mangled by an orc warrior

Levels and vault maps discovered:
D:1:      psy_arrival_terrarium, layout_loops_ring, serial_bayou_ford_a,
          kennysheep_doodads, minmay_statues_item, minmay_misc_feat_pillars
D:2:      layout_basic, first_ration, minmay_misc_feat_diagonals,
          minmay_door_square, uniq_terence
D:3:      minmay_angry_zag, layout_loops_corners, kennysheep_okawaru_gauntlet

Skill      XL: |  1  2  3  4 |
---------------+-------------+-----
Dodging        | 1 2 |  2.5
Armour         | 4 |  4.8
Fighting       | 4 |  4.8
Long Blades    | 3 |  3.9
Shields        | |  3.6

Action                   |  1- 3 |  4- 6 || total
-------------------------+-------+-------++-------
Melee: Long sword        |    57 |    87 ||   144
       Headbutt          |     9 |    13 ||    22
  Use: Scroll            |       |     7 ||     7
       Potion            |       |     2 ||     2
 Stab: Invisible         |       |     1 ||     1
  Eat: Chunk             |       |     4 ||     4
Armor: Scale mail        |    24 |    33 ||    57
Dodge: Dodged            |    26 |    27 ||    53
Block: Shield            |    32 |    35 ||    67
       Rpst.: Long sword |     4 |     7 ||    11

Table legend:
 A = Non-vault XP
 B = Vault XP
 C = Vault XP percentage of total XP
 D = Non-vault monster count
 E = Vault monster count
 F = Vault count percentage of total count
                 A         B        C        D         E       F
            +---------+---------+-------+---------+---------+-------
      Total |     187 |      60 |  24.3 |      56 |       7 |  11.1
            +---------+---------+-------+---------+---------+-------
        D:1 |      42 |       0 |   0.0 |      18 |       0 |   0.0
        D:2 |      96 |      38 |  28.4 |      23 |       1 |   4.2
        D:3 |      49 |      22 |  31.0 |      15 |       6 |  28.6
            +---------+---------+-------+---------+---------+-------
